Map: Frost LE

Players

SuperToilet - Winner!

  • Race: Zerg Zerg
  • League: Silver
  • Spawn Location: 1:00

Fropez

  • Race: Protoss Protoss
  • League: Silver
  • Spawn Location: 11:00

VOD

Have the link to the VOD?

Description

Time

  • Played on: June 29, 2016, 6:40 p.m.
  • Length: 19:39
Show
View Real Time Build Order
Export as new Build Order

SuperToilet Zerg - Winner!

Build Orders: Hatch First 

Get SALT Encoding   

  12  0:01  Drone  
  13  0:09  Drone  
  14  0:17  Overlord  
  14  0:25  Extractor  
  14  0:26  Drone  
  15  0:49  Hatchery  
  14  0:52  Drone  
  14  0:55  Drone  
  16  1:00  Drone  
  17  1:19  Spawning Pool  
  17  1:20  Extractor  
  17  1:21  Drone  
  17  1:23  Drone  
  17  1:31  Drone  
  18  2:09  Queen x2  
  18  2:10  Zergling x4  
  24  2:18  Roach Warren, Drone x2  
  25  2:31  Drone  
  25  2:32  Overlord  
  25  2:33  Drone  
  27  2:40  Drone  
  28  2:56  Drone x3  
  28  2:57  Drone  
  28  2:58  Drone  
  33  3:18  Overlord  
  33  3:23  Hatchery  
  32  3:32  Extractor  
  31  3:34  Queen x2  
  35  3:45  Zergling x4  
  35  3:46  Roach x2  
  41  3:53  Roach  
  43  4:22  Drone  
  44  4:24  Overlord x2  
  44  4:26  Lair  
  44  4:30  Evolution Chamber  
  43  4:31  Evolution Chamber  
  43  4:34  Metabolic Boost  
  42  4:49  Roach x2  
  42  4:50  Zergling x4  
  42  4:52  Roach x2  
  52  4:54  Drone  
  53  5:02  Drone x2  
  53  5:04  Drone x2  
  57  5:21  Drone x2  
  57  5:23  Drone x2  
  57  5:25  Drone x2  
  63  5:35  Glial Reconstitution  
  63  5:36  Drone x2  
  63  5:38  Overlord  
  63  5:39  Drone  
  66  5:50  Zerg Missile Weapons Level 1  
  66  5:51  Zerg Ground Armor Level 1  
  66  5:55  Overlord  
  66  6:05  Hydralisk Den  
  66  6:07  Extractor  
  66  6:09  Extractor, Queen  
  66  6:10  Drone x3  
  67  6:19  Overlord, Roach x3  
  73  6:35  Hydralisk x2, Muscular Augments  
  73  6:38  Drone x3  
  80  6:41  Ravager  
  81  7:01  Hydralisk x2, Zergling x6  
  84  7:07  Overlord  
  88  7:10  Overlord  
  88  7:23  Drone  
  88  7:24  Drone  
  88  7:25  Overlord  
  88  7:26  Hydralisk x2, Overlord  
  88  7:27  Hydralisk, Roach  
  98  7:36  Overseer  
  98  7:40  Hydralisk x2  
  98  7:41  Roach  
  98  7:42  Zergling x4  
  98  7:43  Overlord  
  106  8:03  Drone x3  
  106  8:04  Drone  
  106  8:05  Drone  
  111  8:15  Overlord  
  111  8:18  Drone  
  113  8:20  Drone x3  
  113  8:22  Extractor  
  113  8:23  Extractor  
  113  8:46  Zerg Ground Armor Level 2, Zerg Missile Weapons Level 2  
  113  8:47  Overlord x2  
  112  8:49  Spire  
  112  8:52  Hatchery  
  111  8:55  Ravager  
  111  8:56  Ravager x2  
  111  8:58  Ravager x2  
  106  9:30  Hydralisk x6, Roach  
  120  9:40  Zergling x10  
  120  9:44  Drone x3  
  128  9:47  Spine Crawler  
  128  9:48  Spine Crawler  
  126  9:52  Overlord  
  126  9:53  Hydralisk x3  
  126  9:54  Roach  
  126  9:55  Zergling x6  
  137  10:01  Drone x2  
  137  10:02  Drone x2  
  134  10:54  Zerg Flyer Weapons Level 1  
  134  10:56  Drone  
  134  10:57  Drone x2  
  137  10:58  Drone x4  
  137  11:00  Drone x3  
  144  11:05  Zerg Melee Weapons Level 1  
  144  11:06  Evolution Chamber  
  144  11:08  Infestation Pit  
  142  11:12  Spore Crawler  
  142  11:14  Overseer  
  141  11:34  Spore Crawler  
  141  11:37  Drone x3  
  141  11:38  Spine Crawler  
  141  11:39  Spine Crawler  
  141  11:45  Overlord x2  
  141  11:46  Hatchery  
  140  11:47  Hive  
  140  11:54  Overlord x2  
  140  11:55  Extractor x2, Hydralisk x2  
  140  11:56  Hydralisk x3, Roach  
  140  11:57  Corruptor x4  
  158  12:01  Zergling x2  
  159  12:44  Spine Crawler, Drone x3  
  159  12:45  Overlord x2  
  160  12:52  Pneumatized Carapace  
  160  12:56  Zergling x2  
  160  12:57  Zergling x12  
  160  12:58  Overlord x2, Zergling x2  
  168  13:06  Zerg Melee Weapons Level 2  
  168  13:07  Zerg Ground Armor Level 3, Zerg Missile Weapons Level 3, Adrenal Glands  
  168  13:11  Greater Spire  
  168  13:14  Zergling x8, Ultralisk Cavern  
  171  13:51  Corruptor x2  
  174  14:02  Chitinous Plating  
  171  14:03  Ultralisk  
  171  14:04  Ultralisk x2  
  180  14:22  Overseer x2  
  180  14:24  Hatchery  
  180  14:29  Zergling x12  
  180  14:30  Zergling x2  
  188  14:31  Brood Lord  
  188  14:32  Brood Lord x4  
  188  14:36  Zergling x6  
  199  14:54  Zerg Flyer Weapons Level 2  
  185  15:46  Zerg Melee Weapons Level 3  
  158  16:06  Zergling x14  
  158  16:07  Zergling x4  
  158  16:08  Hydralisk x4  
  158  16:09  Corruptor x4  
  146  16:57  Zergling x24  
  146  16:58  Zergling x4  
  130  17:06  Brood Lord  
  130  17:07  Brood Lord x4  
  127  17:08  Hydralisk  
  127  17:09  Hydralisk x10  
  127  17:11  Zergling x24  
  127  17:12  Zergling x6  
  160  17:26  Hydralisk x2  
  160  17:27  Hydralisk x4  
  165  17:56  Spine Crawler  
  165  17:58  Ultralisk x3  
  182  18:18  Extractor  
  181  18:20  Extractor  
  180  18:33  Hatchery  
  172  19:22  Zergling x4  
Show
View Real Time Build Order
Export as new Build Order

Fropez Protoss 

Build Orders:  

Get SALT Encoding   

  12  0:01  Probe (Chrono Boost)  
  13  0:15  Pylon  
  13  0:17  Probe (Chrono Boost)  
  14  0:26  Assimilator  
  15  0:28  Probe (Chrono Boost)  
  15  0:39  Probe (Chrono Boost)  
  16  0:44  Gateway  
  17  0:50  Probe (Chrono Boost)  
  17  1:00  Probe (Chrono Boost)  
  18  1:11  Probe (Chrono Boost)  
  19  1:18  Pylon  
  20  1:28  Gateway  
  19  1:37  Cybernetics Core  
  19  1:38  Probe (Chrono Boost)  
  20  1:48  Assimilator  
  20  1:49  Probe (Chrono Boost)  
  21  2:00  Probe (Chrono Boost)  
  22  2:10  Probe (Chrono Boost)  
  23  2:16  Adept x2  
  23  2:20  Probe (Chrono Boost)  
  23  2:21  Warp Gate (Chrono Boost)  
  28  2:33  Mothership Core  
  30  2:47  Pylon  
  30  2:54  Probe  
  35  3:05  Adept x2  
  35  3:06  Probe  
  36  3:18  Probe  
  37  3:27  Twilight Council  
  37  3:32  Probe  
  38  3:46  Pylon  
  38  3:54  Pylon  
  38  4:07  Nexus  
  38  4:09  Gateway  
  38  4:11  Resonating Glaives (Chrono Boost), Pylon  
  38  4:13  Probe  
  39  4:20  Gateway  
  39  4:28  Adept  
  39  4:29  Adept  
  43  5:02  Probe  
  43  5:03  Robotics Facility  
  43  5:04  Robotics Facility  
  44  5:12  Assimilator  
  44  5:14  Probe, Assimilator  
  44  5:18  Probe  
  46  5:29  Probe  
  47  5:36  Probe  
  47  5:37  Gateway  
  47  5:41  Pylon  
  48  5:47  Pylon, Probe  
  49  5:59  Adept x4  
  56  6:14  Immortal (Chrono Boost)  
  59  6:22  Immortal (Chrono Boost)  
  59  6:25  Probe  
  64  6:27  Probe  
  65  6:37  Probe  
  65  6:39  Probe  
  67  6:55  Probe x2  
  67  7:00  Adept x4  
  67  7:01  Adept  
  79  7:20  Observer (Chrono Boost)  
  84  7:23  Probe, Immortal (Chrono Boost)  
  84  7:24  Probe  
  84  7:27  Adept x2  
  84  7:28  Adept x2  
  94  7:32  Pylon  
  94  7:39  Pylon x2  
  94  8:07  Probe  
  94  8:08  Probe  
  96  8:18  Pylon  
  95  8:25  Immortal x2 (Chrono Boost)  
  103  8:32  Pylon  
  103  8:58  Nexus  
  97  9:28  Adept  
  97  9:29  Adept x4  
  107  9:32  Immortal x2 (Chrono Boost)  
  115  9:44  Pylon  
  115  9:45  Pylon  
  115  10:01  Adept x4  
  115  10:02  Adept  
  125  10:10  Forge  
  113  10:28  Nexus  
  113  10:31  Assimilator  
  109  10:36  Assimilator, Immortal x2 (Chrono Boost)  
  109  10:38  Sentry x4  
  109  10:39  Pylon  
  125  10:50  Probe  
  126  10:59  Probe, Assimilator  
  126  11:01  Probe x2  
  126  11:02  Assimilator  
  129  11:12  Probe, Immortal (Chrono Boost)  
  129  11:13  Immortal (Chrono Boost)  
  138  11:22  Probe  
  138  11:25  Probe x2  
  141  11:33  Probe, Stalker  
  141  11:34  Stalker x3  
  141  11:36  Forge  
  141  11:38  Pylon  
  150  11:46  Observer (Chrono Boost)  
  152  11:47  Observer (Chrono Boost)  
  152  11:53  Probe x2  
  153  11:55  Probe  
  155  12:02  Nexus  
  155  12:05  Probe, Assimilator  
  155  12:06  Pylon  
  155  12:07  Assimilator  
  156  12:09  Probe  
  156  12:14  Pylon, Probe  
  157  12:16  Probe, Protoss Ground Weapons Level 1 (Chrono Boost), Protoss Ground Armor Level 1 (Chrono Boost)  
  159  12:26  Probe  
  160  12:33  Charge (Chrono Boost)  
  160  12:37  Probe  
  160  12:40  Zealot  
  160  12:41  Zealot x3  
  169  12:53  Observer x2  
  171  13:09  Probe  
  172  13:14  Immortal x2  
  180  13:24  Gateway  
  180  13:25  Gateway  
  180  13:28  Gateway  
  180  13:30  Gateway  
  180  13:31  Gateway  
  180  13:33  Pylon  
  179  13:37  Gateway, Stalker x2  
  179  13:38  Stalker x2  
  179  13:40  Pylon  
  179  13:41  Pylon  
  187  13:42  Pylon  
  187  13:48  Photon Cannon  
  187  13:49  Photon Cannon  
  187  14:08  Pylon  
  187  14:09  Nexus  
  187  14:12  Probe x3  
  190  14:22  Probe  
  191  14:26  Protoss Ground Armor Level 2, Protoss Ground Weapons Level 2  
  191  14:30  Zealot x4  
  199  14:32  Nexus  
  199  14:33  Probe  
  199  14:35  Assimilator  
  198  15:02  Zealot x2  
  196  15:35  Zealot x2  
  199  15:44  Probe  
  166  16:13  Sentry x7  
  180  16:23  Templar Archives  
  180  16:25  Dark Shrine  
  180  16:29  Probe  
  181  16:40  Observer x2, Probe  
  184  16:50  Probe  
  131  17:01  Probe  
  131  17:02  Observer x2  
  118  17:09  Zealot x7  
  118  17:10  Zealot x3  
  118  17:12  Probe  
  126  17:23  Observer x2  
  124  17:30  Gateway  
  124  17:35  Photon Cannon  
  124  17:36  Pylon  
  124  17:38  Pylon  
  124  17:43  Photon Cannon  
  104  17:45  Gateway  
  104  17:46  Dark Templar x4  
  104  17:47  Gateway, Dark Templar x2  
  104  17:49  Gateway  
  112  17:59  Assimilator  
  112  18:19  Probe  
  113  18:28  Photon Cannon  
  113  18:30  Photon Cannon  
  113  18:31  Pylon x2, Stalker x4  
  113  18:32  Stalker x6  
  133  18:42  Zealot  
  135  18:54  Zealot x3  
  141  18:56  Zealot x2  
  141  18:57  Zealot x4  
  141  18:59  Zealot  
  141  19:02  Zealot  
  131  19:22  High Templar x6  
  131  19:23  High Templar  
  130  19:26  Archon x2  
  130  19:27  Archon  
Tags
 
Matchup
PvZ
Replay Pack
All Mines
Spawn Locations
Close Positions
Add a new tag
Caveats
  • Supply blocks, unpowered buildings, or Contaminate may cause inaccurate times.
  • Supply counts are checked every 10 seconds.